 Dungeon Crawl Stone Soup version 0.20.1-1-g8b1a95d (webtiles) character file.

78 manon the Conjurer (level 4, 0/24 HPs)
             Began as a Gargoyle Wizard on Aug 18, 2017.
             Slain by an orc wizard
             ... wielding a +0 dagger
              (1 damage)
             ... on level 2 of the Dungeon.
             The game lasted 00:10:12 (2144 turns).

manon the Conjurer (Gargoyle Wizard)                Turns: 2144, Time: 00:10:13

Health: 0/24       AC:  6    Str: 15 (16) XL:     4   Next: 36%
Magic:  2/8        EV: 11    Int: 18 (19) God:
Gold:   143        SH:  0    Dex:  5 (8)  Spells: 2/9 levels left

rFire    . . .     SeeInvis .   a - +0 club
rCold    . . .     Gourm    .   (no shield)
rNeg     + + .     Faith    .   g - +0 robe
rPois    ∞         Spirit   .   p - +0 hat
rElec    +         Reflect  .   (no cloak)
rCorr    .         Harm     .   s - +0 pair of gloves
MR       .....                  (no boots)
Stlth    +.........             (no amulet)
Regen    0.1/turn               z - ring of positive energy
MPRegen  0.2/turn               (no ring)

@: mighty
A: negative energy resistance 1, electricity resistance, unbreathing,
petrification resistance, rot immunity, AC +3
a: no special abilities


You were on level 2 of the Dungeon.
You were hungry.

You visited 1 branch of the dungeon, and saw 3 of its levels.

You collected 143 gold pieces.

Inventory:

Hand Weapons
 a - a +0 club (weapon)
 b - a +0 hunting sling
Missiles
 f - 120 stones (quivered)
 t - 5 needles of sleeping
Armour
 g - a +0 robe (worn)
 p - a +0 hat (worn)
 s - a +0 pair of gloves (worn)
Jewellery
 z - a ring of positive energy (left hand)
Scrolls
 e - 2 scrolls of amnesia
 i - a scroll of enchant armour {unknown}
 m - 5 scrolls of remove curse
 q - a scroll of identify {unknown}
 v - 3 scrolls of recharging {unknown}
Potions
 h - a potion of ambrosia {unknown}
 l - a potion of agility {unknown}
 n - a potion of haste
 u - a potion of degeneration
 x - a potion of might
Books
 c - a book of Minor Magic

   Spells                             Type                      Level
   a - Magic Dart                     Conjuration                  1
   b - Blink                          Translocation                2
   c - Call Imp                       Summoning                    2
   d - Slow                           Hexes                        2
   e - Conjure Flame                  Conjuration/Fire             3
   f - Mephitic Cloud                 Conjuration/Poison/Air       3
Comestibles
 d - 2 bread rations
 j - 3 meat rations
 o - a royal jelly
 w - 2 fruits


   Skills:
 + Level 2.0 Maces & Flails
 - Level 1.5 Dodging
 - Level 2.1 Stealth
 - Level 3.0 Spellcasting
 * Level 3.6 Conjurations
   Level 0.8 Summonings
   Level 0.8 Translocations


You had 2 spell levels left.
You knew the following spells:

 Your Spells              Type           Power        Failure   Level  Hunger
a - Magic Dart            Conj           ###.         3%          1    None
c - Mephitic Cloud        Conj/Pois/Air  #.......     30%         3    ###....
f - Conjure Flame         Conj/Fire      #.......     24%         3    ###....


Dungeon Overview and Level Annotations

Branches:
Dungeon (3/15)

Altars:


Innate Abilities, Weirdness & Mutations

You are resistant to torment.
Your stone body is resilient. (AC +3)
You are immune to poison.
You resist negative energy. (rN+)
You are resistant to electric shocks. (rElec)
You can survive without breathing.
You are immune to petrification.
You are immune to rotting.


Message History

The magic dart hits the orc wizard.
The orc wizard is heavily wounded.
You hear some strange, mumbled words.
A puff of flame appears from out of thin air!
The puff of flame hits you!
* * * LOW HITPOINT WARNING * * *
Casting: Magic Dart
Confirm with . or Enter, or press ? or * to list all spells.
Aiming: Magic Dart
Press: ? - help, Shift-Dir - straight line, f/p - orc wizard
Aim: an orc wizard, wielding a dagger and wearing a robe (heavily wounded)
The magic dart hits the orc wizard.
The orc wizard is heavily wounded.
You feel yourself slow down.
You hear some strange, mumbled words.
A puff of flame appears from out of thin air!
The puff of flame hits you!
The orc wizard hits you but does no damage.
Something hits you.
You die...

#.......# ##### #.......# ....##
#.......# .....######## #.......#
.....>......# #.......#
..........{.# #.......#
........(...## #####.......#
.......####.(#######...........#
.......# #....{@.#..#.........#
.......# ##.#####o.....#.......##
.......###..#####....####........
.....<.#...###.......####........
.......#..####.##................
.................................
......................###...<....
........#..8..#.......###........
........##...##...##...##.......)


You could see an orc wizard.

Vanquished Creatures
  4 adders (D:2)
  An ooze (D:2)
  3 dart slugs
  An orc (D:2)
  4 goblins
  5 hobgoblins
  5 kobolds
  3 bats
  4 frilled lizards
  4 rats
34 creatures vanquished.

Notes
Turn   | Place    | Note
-------+----------+-------------------------------------------
     0 | D:1      | manon the Gargoyle Wizard began the quest for the Orb.
     0 | D:1      | Reached XP level 1. HP: 10/10 MP: 4/4
   183 | D:1      | Reached XP level 2. HP: 12/15 MP: 0/6
   351 | D:1      | Reached skill level 1 in Maces & Flails
   993 | D:2      | Reached XP level 3. HP: 13/19 MP: 0/7
  1758 | D:2      | Reached XP level 4. HP: 14/24 MP: 5/8
  1763 | D:2      | Learned a level 3 spell: Conjure Flame
  1767 | D:2      | Learned a level 3 spell: Mephitic Cloud
  2141 | D:2      | HP: 1/24 [something/puff of flame (5)]
  2144 | D:2      | Slain by an orc wizard

Skill      XL: |  1  2  3  4 |
---------------+-------------+-----
Conjurations   | 2 3 |  3.6
Maces & Flails | 1 2 |  2.0
Dodging        | |  1.5
Stealth        | |  2.1
Spellcasting   | |  3.0
Summonings     | |  0.8
Translocations | |  0.8

Action                   |  1- 3 |  4- 6 || total
-------------------------+-------+-------++-------
Melee: Club              |    39 |    16 ||    55
 Fire: Hunting sling     |     5 |       ||     5
Throw: Stone             |     8 |     3 ||    11
       Tomahawk          |     6 |     4 ||    10
 Cast: Magic Dart        |    59 |    21 ||    80
  Use: Potion            |       |     5 ||     5
       Scroll            |       |     2 ||     2
  Eat: Chunk             |     2 |     1 ||     3
Armor: Robe              |    21 |    22 ||    43
Dodge: Dodged            |    53 |    10 ||    63
